AoeStats
← Schantiiniiii

African Clearing

504291528Analyzed
4v4 RM · 26d ago on Sep 4, 2026· 35m 10s· 8 players
Game mode
Random Map
Map size
Large (8 player)
Population
200
Speed
Normal
Resources
Standard
Victory
Conquest
Starting age
Dark Age
Ending age
Imperial Age
RankedLock teamsTeams togetherTeam positionsShared explorationLock speedFull tech treeHidden civsTurbo modeCheats
Victory
Defeat
🇭🇰 Burmese · Hong Kong SAR China
1694
+10
🇪🇨 Magyars · Ecuador
1585
+15
🇫🇷 Celts · France
1560
+16
🇧🇷 Malay · Brazil
1536
+17
🇩🇪 Khitans · Germany
1701
-20
🇨🇭 Japanese · Switzerland
1646
-17
🇫🇷 Aztecs · France
1548
-14
🇩🇪 Italians · Germany
1365
-7
eS l Joe
10:15 Loom
12:23 Feudal Age
16:59 Castle Age
14:51 Double-Bit Axe
17:52 Bow Saw
25:02 Horse Collar
26:01 Fletching
27:30 Arson
27:32 Town Watch
29:32 Heavy Plow
29:46 Bodkin Arrow
33:06 Scale Mail Armor
34:06 Wheelbarrow
34:45 Forging
34:59 Gambesons
35:39 Chain Mail Armor
35:29 Gold Mining
Eärnur
5:39 Loom
11:21 Feudal Age
12:26 Double-Bit Axe
14:45 Town Watch
20:09 Castle Age
18:22 Scale Barding Armor
18:23 Gold Mining
19:10 Bloodlines
24:14 Horse Collar
25:35 Wheelbarrow
25:16 Light Cavalry
25:57 Husbandry
26:50 Bow Saw
30:11 Chain Barding Armor
33:37 Stone Mining
34:28 Heavy Plow
35:03 Gold Shaft Mining
fs. seggaty skins
12:13 Loom
14:24 Feudal Age
12:59 Loom
19:27 Castle Age
17:44 Double-Bit Axe
18:01 Town Watch
18:37 Horse Collar
26:58 Ballistics
27:45 Guard Tower
28:21 Fletching
28:38 Squires
29:40 Bodkin Arrow
30:51 Forging
33:41 Wheelbarrow
33:21 Scale Barding Armor
33:21 Gold Mining
33:46 Bow Saw
33:39 Heavy Plow
35:36 Iron Casting
Hui
13:45 Feudal Age
12:55 Loom
17:57 Castle Age
16:48 Fletching
18:50 Bodkin Arrow
19:03 Town Watch
23:35 Horse Collar
28:28 Wheelbarrow
36:16 Imperial Age
35:43 Hand Cart
twitch.tv/gliedi69
4:39 Loom
13:23 Feudal Age
16:58 Castle Age
17:46 Double-Bit Axe
18:15 Fletching
18:59 Gold Mining
19:56 Bow Saw
28:02 Wheelbarrow
27:49 Bodkin Arrow
28:44 Padded Archer Armor
28:15 Crossbowman
31:30 Hand Cart
GlorysDarkSide
6:11 Loom
11:47 Feudal Age
17:02 Castle Age
22:37 Fletching
23:41 Padded Archer Armor
27:20 Town Watch
{ BP } Käpt`n Iglo
8:37 Loom
11:27 Feudal Age
12:21 Double-Bit Axe
16:25 Forging
22:53 Castle Age
20:44 Domestication
21:37 Scale Barding Armor
22:35 Gold Mining
23:39 Husbandry
23:00 Light Cavalry
24:31 Wheelbarrow
23:41 Town Watch
27:55 Bow Saw
35:13 Hand Cart
34:58 Town Patrol
Schantiiniiii
3:20 Loom
12:46 Feudal Age
17:19 Castle Age
16:18 Fletching
18:10 Bodkin Arrow
19:56 Town Watch
20:07 Double-Bit Axe
23:48 Husbandry
27:26 Ballistics
27:35 Horse Collar
35:40 Bloodlines
Connection lost

Rejoining the realm…

Still unreachable

The connection could not be restored.

Session expired

The server has moved on; the page needs a fresh start.